AoeStats
← PosingArtist511

MegaRandom

508505407Analyzed
2v2 RM · 10d ago on Sep 22, 2026· 93m 4s· 4 players
Game mode
Random Map
Map size
Medium (4 player)
Population
200
Speed
Normal
Resources
Standard
Victory
Conquest
Starting age
Dark Age
Ending age
Imperial Age
RankedLock teamsTeams togetherTeam positionsShared explorationLock speedFull tech treeHidden civsTurbo modeCheats
Victory
Defeat
🇩🇪 Britons · Germany
560
+19
🇩🇪 Chinese · Germany
558
+19
🇮🇹 Turks · Italy
585
-17
🇦🇷 Britons · Argentina
575
-17
mulgeredominum
12:40 Loom
14:29 Feudal Age
15:45 Double-Bit Axe
15:42 Horse Collar
15:56 Gold Mining
26:26 Castle Age
26:20 Man-at-Arms
39:22 Forging
39:03 Fletching
39:14 Scale Mail Armor
41:25 Wheelbarrow
43:54 Long Swordsman
44:19 Gambesons
45:03 Chain Mail Armor
47:48 Pikeman
48:29 Squires
58:45 Imperial Age
56:32 Hand Cart
56:38 Hand Cart
57:00 Husbandry
63:57 Heavy Plow
64:33 Plate Mail Armor
64:03 Padded Archer Armor
63:59 Bodkin Arrow
64:40 Iron Casting
64:11 Scale Barding Armor
66:43 Elite Longbowman
66:53 Two-Handed Swordsman
66:53 Halberdier
70:36 Champion
71:13 Cavalier
72:45 Bow Saw
72:25 Town Watch
72:53 Murder Holes
72:49 Heated Shot
74:00 Chemistry
72:41 Treadmill Crane
81:01 Elite Skirmisher
83:39 Caravan
86:12 Blast Furnace
85:13 Bracer
85:29 Leather Archer Armor
91:31 Ballistics
91:27 Masonry
91:26 Siege Engineers
Knolle
25:37 Feudal Age
24:15 Loom
26:08 Man-at-Arms
35:57 Wheelbarrow
39:34 Double-Bit Axe
39:36 Horse Collar
57:17 Stone Mining
57:56 Gold Mining
60:00 Forging
64:42 Castle Age
66:34 Bow Saw
66:53 Heavy Plow
68:02 Gold Shaft Mining
68:03 Stone Shaft Mining
67:48 Caravan
69:36 Squires
68:57 Pikeman
71:10 Hand Cart
76:58 Imperial Age
76:38 Ballistics
76:09 Heated Shot
76:30 Masonry
77:48 Halberdier
79:31 Husbandry
79:43 Bloodlines
79:46 Scale Barding Armor
80:40 Iron Casting
80:56 Conscription
83:57 Chemistry
82:43 Arrowslits
83:30 Architecture
82:34 Heavy Rocket Cart
86:01 Cavalier
87:37 Chain Barding Armor
88:19 Scale Mail Armor
PosingArtist511
6:58 Loom
16:44 Feudal Age
21:45 Wheelbarrow
24:46 Double-Bit Axe
26:31 Bloodlines
38:30 Castle Age
41:27 Bow Saw
60:55 Hand Cart
Kamikaze
11:09 Loom
13:17 Feudal Age
25:17 Man-at-Arms
26:36 Forging
32:18 Castle Age
33:01 Padded Archer Armor
49:04 Imperial Age
47:40 Crossbowman
48:47 Pikeman
51:15 Fletching
54:39 Double-Bit Axe
56:44 Arbalester
57:42 Horse Collar
66:23 Ballistics
75:51 Bodkin Arrow
80:50 Leather Archer Armor
80:36 Bracer
82:03 Conscription
88:40 Chemistry
Connection lost

Rejoining the realm…

Still unreachable

The connection could not be restored.

Session expired

The server has moved on; the page needs a fresh start.